 Dungeon Crawl Stone Soup version bcrawl-1.27.8b (webtiles) character file.

Game seed: 4320474455644123212

206022 LostNumber the Ducker (level 8, -17/54 HPs)
             Began as a Fairy Fighter on Nov 6, 2020.
             Demolished by an ogre
             ... wielding a +0 giant spiked club
              (25 damage)
             ... on level 4 of the Dungeon.
             The game lasted 00:08:11 (4698 turns).

LostNumber the Ducker (Fairy Fighter)               Turns: 4698, Time: 00:08:12

Health: -17/54     AC:  5    Str: 14    XL:     8   Next: 2%
Magic:  10/10      EV: 15    Int: 12    God:
Gold:   259        SH: 17    Dex: 14    Spells: 7/7 levels left

rFire    . . .     SeeInvis .   a - +0 long sword
rCold    . . .     Gourm    .   b - +0 medium shield
rNeg     . . .     Faith    +   (armour unavailable)
rPois    .         Spirit   .   (no helmet)
rElec    .         Reflect  .   (no cloak)
rCorr    .         Harm     .   (no gloves)
MR       .....                  (no boots)
Stlth    ..........             l - amulet of faith {!P}
HPRegen  0.18/turn              (no ring)
MPRegen  0.12/turn              (no ring)

@: flying evasively
A: small, magic attunement, unstealthy, unfitting armour, able to fly, AC/SH +5
a: Stop Flying


You were on level 4 of the Dungeon.
You were near starving.

You visited 1 branch of the dungeon, and saw 4 of its levels.

You collected 259 gold pieces.

Inventory:

Hand Weapons
 a - a +0 long sword (weapon)
Armour
 b - a +0 medium shield (worn)
 f - a +0 pair of gloves
   (You found it on level 4 of the Dungeon)
Jewellery
 l - an amulet of faith (around neck) {!P}
   (You found it on level 1 of the Dungeon)
Wands
 x - a wand of acid (9)
   (You found it on level 2 of the Dungeon)
Scrolls
 g - a scroll of fear {unknown}
 i - 2 scrolls of amnesia {unknown}
 k - a scroll of enchant weapon {unknown}
 m - a scroll of identify {@r1}
 n - a scroll of fog {unknown}
 o - 2 scrolls of teleportation {unknown}
 p - 2 scrolls of remove curse {unknown}
Potions
 d - 2 potions of cancellation
 j - a potion of curing {@q1}
Comestibles
 e - 11 rations {!d!d}


   Skills:
 + Level 4.4 Fighting
 * Level 4.8 Long Blades
 + Level 6.4 Dodging
 + Level 5.9 Shields


You had 7 spell levels left.
You didn't know any spells.
Your spell library was empty.

Dungeon Overview and Level Annotations

Branches:
Dungeon (4/12)
 Temple: D:4-7

Altars:
Fedhas

Annotations:
D:3 2 transporters, Goodini51's ghost, amateur HuAE


Innate Abilities, Weirdness & Mutations

Your spells do not cause hunger and MP costs are reduced by 1.
Your bright wings attract enemies. (Stealth-)
You cannot fit into any form of body armour.
Your shimmering scales are hard and can block incoming attacks. (AC +5, SH +5)
You are small and have problems with some larger weapons.
You can fly continuously.


Message History

* * * LOW HITPOINT WARNING * * *
You miss the crimson imp.
The crimson imp hits you but does no damage.
You hit the crimson imp.
The crimson imp hits you but does no damage.
You block the crimson imp's attack.
You hit the crimson imp. The crimson imp hits you.
* * * LOW HITPOINT WARNING * * *
You closely miss the crimson imp. You block the crimson imp's attack.
You hit the crimson imp. The crimson imp puffs mist at you.
You block the crimson imp's attack.
You slash the crimson imp!
You kill the crimson imp!
You have reached level 8!
You feel clever.
Unknown command.
Unknown command.
You now have 259 gold pieces (gained 38).
There is a stone staircase leading down, spattered with blood here.
You start resting.
You are feeling very hungry.
You fly downwards.
There is a stone staircase leading up here.
The ogre shouts!
The ogre is too close now for your liking.
An ogre is nearby!
An ogre is nearby!
You start waiting.
The ogre is too close now for your liking.
Okay, then.
Unknown command.
You hit the ogre but do no damage. You block the ogre's attack.
You hit the ogre. You block the ogre's attack.
You slash the ogre!
The ogre hits you with a +0 giant spiked club!
You hit the ogre. You block the ogre's attack.
You hit the ogre.
The ogre hits you with a +0 giant spiked club!
* * * LOW HITPOINT WARNING * * *
You hit the ogre but do no damage.
The ogre hits you with a +0 giant spiked club!
* * * LOW HITPOINT WARNING * * *
You slash the ogre! You block the ogre's attack.
You hit the ogre but do no damage.
Unknown command.
You are near starving!
You completely miss the ogre.
The ogre hits you with a +0 giant spiked club!!
You die...

.##.....##..)<.......... #
#.........##..........
####....#####.........
####.##.#..####.... .≈_.≈.##.#
####.##......##.... #
≈≈≈.....###.##.##...(........ ##≈
≈≈.#...#...#.............[..
##..##........#O...##.....##.....
.#............#.@.###......#..#<.
...##....###..##.####......#.##..
.........#.O.##...##.............
##...............####............
.......##.....#...###.....##..>..
#.....###..........##..##.##.....
#....##.....#.............##.##..
###.........#..............#..##.
##.#..#....##.(............###.


You could see an ogre.

Vanquished Creatures
  2 ogres
  A scorpion (D:3)
  2 howler monkeys (D:4)
  A crimson imp (D:3)
  A jelly (D:4)
  A hound (D:3)
  A bullfrog skeleton (D:4)
  3 orc priests
  2 orc wizards
  4 worker ants
  A hound skeleton (D:4)
  9 adders
  An adder zombie (D:3)
  A worm (D:3)
  A dart slug (D:1)
  3 leopard geckos
  18 orcs
  6 bats
  2 giant cockroaches
  8 hobgoblins
  3 jackals
  5 quokkas
  5 frilled lizards
  9 goblins
  7 kobolds
  5 rats
102 creatures vanquished.

Notes
Turn   | Place    | Note
-------+----------+-------------------------------------------
     0 | D:1      | LostNumber the Fairy Fighter began the quest for the Orb.
     0 | D:1      | Reached XP level 1. HP: 15/15 MP: 3/3
   365 | D:1      | Reached XP level 2. HP: 20/20 MP: 4/4
   723 | D:1      | Reached XP level 3. HP: 13/25 MP: 5/5
  1578 | D:2      | Reached XP level 4. HP: 19/31 MP: 6/6
  2143 | D:2      | Reached XP level 5. HP: 28/36 MP: 7/7
  2337 | D:2      | Reached skill level 5 in Dodging
  2688 | D:3      | Found a transporter.
  2688 | D:3      | Noticed Goodini51's ghost (amateur HuAE)
  2689 | D:3      | Noticed an ogre
  2690 | D:3      | Found a transporter.
  2837 | D:4      | Noticed an ogre
  2849 | D:3      | Reached XP level 6. HP: 8/42 MP: 8/8
  3008 | D:3      | Reached skill level 5 in Shields
  3481 | D:3      | Reached XP level 7. HP: 40/47 MP: 9/9
  3543 | D:4      | Reached skill level 6 in Dodging
  3732 | D:4      | Found a blossoming altar of Fedhas.
  4559 | D:3      | Reached XP level 8. HP: 16/54 MP: 10/10
  4698 | D:4      | Demolished by an ogre

Skill      XL: |  1  2  3  4  5  6  7 |
---------------+----------------------+-----
Long Blades    | 2 3 4 |  4.8
Fighting       | 3 4 |  4.4
Shields        | 4 5 |  5.9
Dodging        | 5 6 |  6.4

Action                   |  1- 3 |  4- 6 |  7- 9 || total
-------------------------+-------+-------+-------++-------
Melee: Long sword        |   140 |   244 |   216 ||   600
  Use: Potion            |       |     2 |       ||     2
       Scroll            |       |       |     3 ||     3
  Eat: Chunk             |     7 |    11 |     9 ||    27
       Ration            |       |     1 |       ||     1
Armor: Skin              |    27 |    27 |    26 ||    80
Dodge: Dodged            |    61 |    89 |    82 ||   232
Block: Medium shield     |   112 |   228 |   223 ||   563
